[ AOE2 MATCH · #487580724 ]
1v1 RMSicilians vs Tupi
Player's team · LOSS
Rival team · WIN
[ REPLAY ANALYSIS · EXTRACTED FROM THE RECORDED GAME ]
Feudal
10:32
Castle
24:54
Imperial
—
| APM avg | 73.5 |
| APM peak | 120 |
| eAPM avg | 37.8 |
| Villagers / military | 126 / 19 |
Focus
⚔️ 33.3% · 🌾 66.7%
Mangonel ×7 · Archer ×6 · Serjeant ×4 · Skirmisher ×2
Feudal
11:28
Castle
23:16
Imperial
—
| APM avg | 43.9 |
| APM peak | 80 |
| eAPM avg | 24.7 |
| Villagers / military | 125 / 13 |
Focus
⚔️ 28.3% · 🌾 71.7%
Unknown (2579) ×64 · Unknown (2550) ×25 · Battering Ram ×9 · Mangonel ×3 · Monk ×1
Match map
Initial resources + every placement click. Lines = walls · curves = elevation contours. ◆ gold · ⬟ stone · ● berries · ✦ relic · ◌ wall gap
Your base· Open — unwalled flank
AOKI_Thanouille's base· Open — 4t gap
Smoothed initial terrain · ◌ = detected wall gap · hover for details
Inputs per minute
— hi - - AOKI_Thanouille
Build order — hi
First 150 of 264 actions detected
| 0:08 | Build | Town Center |
| 1:51 | Build | House |
| 2:06 | Create | Villager (Male) |
| 2:06 | Create | Villager (Male) |
| 2:11 | Create | Villager (Male) |
| 2:11 | Create | Villager (Male) |
| 2:58 | Create | Villager (Male) |
| 3:23 | Build | House |
| 3:32 | Build | House |
| 3:46 | Create | Villager (Male) |
| 4:26 | Create | Villager (Male) |
| 4:31 | Build | Lumber Camp |
| 4:56 | Create | Villager (Male) |
| 4:56 | Create | Villager (Male) |
| 4:56 | Create | Villager (Male) |
| 5:36 | Build | House |
| 5:41 | Create | Villager (Male) |
| 6:08 | Create | Villager (Male) |
| 6:26 | Create | Villager (Male) |
| 6:59 | Create | Villager (Male) |
| 7:11 | Build | Mill |
| 7:26 | Create | Villager (Male) |
| 7:47 | Create | Villager (Male) |
| 7:48 | Research | Loom |
| 7:49 | Research | Loom |
| 8:22 | Research | Feudal Age |
| 8:23 | Research | Loom |
| 8:23 | Research | Loom |
| 8:49 | Build | Mining Camp |
| 9:44 | Create | Villager (Male) |
| 9:56 | Build | Donjon |
| 10:11 | Build | Palisade Wall |
| 10:13 | Build | Palisade Wall |
| 10:15 | Build | Palisade Wall |
| 10:16 | Build | Palisade Wall |
| 10:18 | Build | House |
| 10:20 | Build | Palisade Wall |
| 10:22 | Build | Palisade Wall |
| 10:23 | Build | Palisade Wall |
| 10:24 | Build | Palisade Wall |
| 10:32 | Age | Feudal Age |
| 10:53 | Create | Villager (Male) |
| 11:00 | Create | Serjeant |
| 11:00 | Create | Serjeant |
| 11:09 | Create | Villager (Male) |
| 11:17 | Build | Palisade Wall |
| 11:31 | Create | Villager (Male) |
| 11:42 | Build | Donjon |
| 11:44 | Build | Palisade Wall |
| 11:46 | Build | Palisade Wall |
| 11:48 | Build | Palisade Wall |
| 11:51 | Create | Villager (Male) |
| 11:59 | Create | Villager (Male) |
| 12:12 | Build | Donjon |
| 12:13 | Build | Palisade Wall |
| 12:14 | Build | Palisade Wall |
| 12:15 | Build | House |
| 12:19 | Create | Villager (Male) |
| 12:41 | Create | Villager (Male) |
| 12:53 | Build | Palisade Wall |
| 12:54 | Build | Palisade Wall |
| 12:55 | Create | Villager (Male) |
| 13:05 | Build | Donjon |
| 13:06 | Research | Double-Bit Axe |
| 13:06 | Research | Double-Bit Axe |
| 13:09 | Build | House |
| 13:11 | Build | House |
| 13:15 | Build | House |
| 13:33 | Build | Blacksmith |
| 13:55 | Create | Serjeant |
| 14:29 | Build | Mining Camp |
| 14:31 | Create | Villager (Male) |
| 15:02 | Create | Villager (Male) |
| 15:32 | Build | Palisade Wall |
| 15:33 | Build | Palisade Wall |
| 15:33 | Build | Palisade Wall |
| 15:34 | Build | Palisade Wall |
| 15:41 | Create | Villager (Male) |
| 16:03 | Create | Villager (Male) |
| 16:31 | Create | Villager (Male) |
| 16:49 | Build | Donjon |
| 16:56 | Build | House |
| 16:58 | Create | Villager (Male) |
| 17:14 | Build | Mill |
| 17:37 | Create | Villager (Male) |
| 18:02 | Create | Serjeant |
| 18:05 | Create | Villager (Male) |
| 18:30 | Build | Donjon |
| 18:33 | Create | Villager (Male) |
| 18:50 | Create | Villager (Male) |
| 19:01 | Build | House |
| 19:16 | Build | House |
| 19:18 | Create | Villager (Male) |
| 19:22 | Build | House |
| 19:22 | Build | House |
| 20:01 | Create | Villager (Male) |
| 20:11 | Build | Archery Range |
| 20:19 | Create | Villager (Male) |
| 20:32 | Build | Mill |
| 20:46 | Create | Archer |
| 20:56 | Create | Villager (Male) |
| 21:11 | Create | Archer |
| 21:22 | Create | Villager (Male) |
| 21:52 | Create | Villager (Male) |
| 21:58 | Create | Archer |
| 22:14 | Research | Castle Age |
| 22:22 | Create | Archer |
| 22:43 | Build | Mining Camp |
| 22:53 | Create | Archer |
| 23:10 | Build | Mining Camp |
| 23:34 | Create | Villager (Male) |
| 23:42 | Create | Archer |
| 23:45 | Research | Fletching |
| 23:45 | Research | Fletching |
| 24:10 | Build | House |
| 24:12 | Build | House |
| 24:29 | Create | Skirmisher |
| 24:29 | Create | Skirmisher |
| 24:31 | Research | Padded Archer Armor |
| 24:40 | Create | Villager (Male) |
| 24:53 | Build | Market |
| 24:54 | Age | Castle Age |
| 25:03 | Create | Villager (Male) |
| 25:26 | Build | Castle |
| 25:54 | Create | Villager (Male) |
| 26:11 | Create | Villager (Male) |
| 26:18 | Build | Palisade Gate |
| 26:40 | Create | Villager (Male) |
| 26:40 | Create | Villager (Male) |
| 27:15 | Build | Town Center |
| 27:27 | Create | Villager (Male) |
| 27:27 | Create | Villager (Male) |
| 28:27 | Create | Villager (Male) |
| 28:28 | Create | Villager (Male) |
| 28:28 | Create | Villager (Male) |
| 29:06 | Create | Villager (Male) |
| 29:25 | Build | Farm |
| 29:26 | Build | Farm |
| 29:26 | Build | Farm |
| 29:53 | Build | Town Center |
| 30:19 | Build | Farm |
| 30:29 | Build | Farm |
| 30:32 | Create | Villager (Male) |
| 31:00 | Build | Siege Workshop |
| 31:44 | Create | Villager (Male) |
| 31:47 | Build | Farm |
| 31:54 | Build | Mining Camp |
| 31:56 | Create | Mangonel |
| 32:07 | Build | Mill |
| 32:14 | Build | Farm |
Build order — AOKI_Thanouille
First 150 of 323 actions detected
| 0:13 | Build | Town Center |
| 0:18 | Build | Settlement |
| 0:21 | Build | Palisade Wall |
| 2:13 | Create | Villager (Male) |
| 2:13 | Create | Villager (Male) |
| 2:14 | Create | Villager (Male) |
| 2:14 | Create | Villager (Male) |
| 3:04 | Create | Villager (Male) |
| 3:18 | Build | House |
| 3:48 | Create | Villager (Male) |
| 4:14 | Create | Villager (Male) |
| 4:19 | Build | Settlement |
| 4:56 | Create | Villager (Male) |
| 5:20 | Create | Villager (Male) |
| 5:30 | Create | Villager (Male) |
| 5:55 | Create | Villager (Male) |
| 5:56 | Create | Villager (Male) |
| 6:19 | Create | Villager (Male) |
| 6:28 | Build | House |
| 6:43 | Create | Villager (Male) |
| 6:43 | Create | Villager (Male) |
| 6:47 | Create | Villager (Male) |
| 7:23 | Research | Loom |
| 8:46 | Research | Feudal Age |
| 9:05 | Build | Settlement |
| 10:36 | Create | Villager (Male) |
| 11:28 | Age | Feudal Age |
| 11:33 | Build | Watch Tower |
| 11:47 | Create | Villager (Male) |
| 11:50 | Research | Double-Bit Axe |
| 11:51 | Create | Villager (Male) |
| 12:02 | Create | Villager (Male) |
| 12:05 | Create | Villager (Male) |
| 12:39 | Create | Villager (Male) |
| 12:42 | Create | Villager (Male) |
| 12:42 | Create | Villager (Male) |
| 13:02 | Build | Blacksmith |
| 13:07 | Research | Town Watch |
| 13:08 | Create | Villager (Male) |
| 13:23 | Create | Villager (Male) |
| 13:32 | Build | Market |
| 13:38 | Create | Villager (Male) |
| 13:44 | Build | Watch Tower |
| 13:54 | Research | Fletching |
| 14:05 | Build | Palisade Wall |
| 14:17 | Build | Palisade Gate |
| 14:20 | Build | Palisade Wall |
| 14:21 | Create | Villager (Male) |
| 14:30 | Build | Palisade Wall |
| 14:31 | Build | Palisade Wall |
| 14:49 | Build | Palisade Gate |
| 14:55 | Create | Villager (Male) |
| 15:02 | Create | Villager (Male) |
| 15:02 | Create | Villager (Male) |
| 15:06 | Create | Villager (Male) |
| 15:28 | Build | House |
| 16:12 | Create | Villager (Male) |
| 16:14 | Build | House |
| 16:24 | Build | House |
| 16:45 | Create | Villager (Male) |
| 17:04 | Build | Watch Tower |
| 17:08 | Create | Villager (Male) |
| 17:14 | Create | Villager (Male) |
| 17:49 | Create | Villager (Male) |
| 18:07 | Create | Villager (Male) |
| 18:29 | Create | Villager (Male) |
| 18:52 | Build | Watch Tower |
| 18:59 | Create | Villager (Male) |
| 19:30 | Create | Villager (Male) |
| 19:48 | Create | Villager (Male) |
| 20:36 | Research | Castle Age |
| 21:22 | Build | Settlement |
| 22:05 | Build | Watch Tower |
| 22:12 | Create | Villager (Male) |
| 22:51 | Build | Settlement |
| 23:16 | Age | Castle Age |
| 23:36 | Research | Bodkin Arrow |
| 24:02 | Build | Castle |
| 24:08 | Create | Villager (Male) |
| 24:34 | Create | Villager (Male) |
| 24:57 | Create | Villager (Male) |
| 25:03 | Create | Unit 2579 |
| 25:03 | Create | Unit 2579 |
| 25:03 | Create | Unit 2579 |
| 25:34 | Create | Villager (Male) |
| 25:44 | Create | Unit 2579 |
| 25:46 | Create | Villager (Male) |
| 26:08 | Create | Unit 2579 |
| 26:11 | Create | Unit 2579 |
| 26:31 | Create | Unit 2579 |
| 26:39 | Create | Villager (Male) |
| 26:48 | Create | Villager (Male) |
| 26:52 | Create | Unit 2579 |
| 26:56 | Research | Padded Archer Armor |
| 27:00 | Create | Unit 2579 |
| 27:06 | Create | Unit 2579 |
| 27:10 | Build | Monastery |
| 27:10 | Create | Villager (Male) |
| 27:21 | Research | Bow Saw |
| 27:24 | Create | Unit 2579 |
| 27:35 | Create | Villager (Male) |
| 27:47 | Create | Unit 2579 |
| 27:53 | Build | Outpost |
| 27:56 | Create | Villager (Male) |
| 27:58 | Create | Unit 2579 |
| 27:58 | Create | Unit 2579 |
| 28:25 | Build | House |
| 28:29 | Create | Unit 2579 |
| 28:29 | Create | Unit 2579 |
| 28:36 | Create | Villager (Male) |
| 28:42 | Create | Villager (Male) |
| 28:49 | Build | Outpost |
| 28:51 | Create | Unit 2579 |
| 29:02 | Create | Villager (Male) |
| 29:10 | Build | Outpost |
| 29:12 | Create | Monk |
| 29:35 | Build | Town Center |
| 29:45 | Create | Unit 2579 |
| 29:46 | Create | Unit 2579 |
| 30:01 | Build | Town Center |
| 30:06 | Create | Unit 2579 |
| 30:16 | Create | Unit 2579 |
| 30:35 | Create | Unit 2579 |
| 30:50 | Create | Unit 2579 |
| 31:10 | Create | Villager (Male) |
| 31:10 | Create | Villager (Male) |
| 31:26 | Create | Villager (Male) |
| 31:27 | Create | Unit 2579 |
| 31:27 | Create | Unit 2579 |
| 31:31 | Create | Villager (Male) |
| 31:51 | Create | Unit 2579 |
| 31:56 | Research | Wheelbarrow |
| 32:00 | Build | Settlement |
| 32:10 | Create | Villager (Male) |
| 32:22 | Build | Castle |
| 32:39 | Research | Gold Mining |
| 32:47 | Create | Villager (Male) |
| 32:57 | Create | Villager (Male) |
| 33:17 | Build | Settlement |
| 33:19 | Create | Unit 2579 |
| 33:20 | Create | Unit 2579 |
| 33:28 | Build | Siege Workshop |
| 33:33 | Create | Villager (Male) |
| 33:34 | Create | Unit 2579 |
| 33:41 | Create | Villager (Male) |
| 33:49 | Create | Villager (Male) |
| 33:57 | Create | Villager (Male) |
| 34:01 | Create | Mangonel |
| 34:08 | Create | Villager (Male) |
| 34:15 | Create | Villager (Male) |
Match timeline
| 0:21 | AOKI_Thanouille · wall_segment Palisade Wall x1 |
| 9:56 | hi · first_building Donjon |
| 10:11 | hi · wall_segment Palisade Wall x1 |
| 10:13 | hi · wall_segment Palisade Wall x1 |
| 10:15 | hi · wall_segment Palisade Wall x1 |
| 10:16 | hi · wall_segment Palisade Wall x1 |
| 10:20 | hi · wall_segment Palisade Wall x1 |
| 10:22 | hi · wall_segment Palisade Wall x1 |
| 10:23 | hi · wall_segment Palisade Wall x1 |
| 10:24 | hi · wall_segment Palisade Wall x1 |
| 10:32 | hi · age_up feudal |
| 11:17 | hi · wall_segment Palisade Wall x1 |
| 11:28 | AOKI_Thanouille · age_up feudal |
| 11:44 | hi · wall_segment Palisade Wall x1 |
| 11:46 | hi · wall_segment Palisade Wall x1 |
| 11:48 | hi · wall_segment Palisade Wall x1 |
| 12:13 | hi · wall_segment Palisade Wall x1 |
| 12:14 | hi · wall_segment Palisade Wall x1 |
| 12:53 | hi · wall_segment Palisade Wall x1 |
| 12:54 | hi · wall_segment Palisade Wall x1 |
| 14:05 | AOKI_Thanouille · wall_segment Palisade Wall x9 |
| 14:20 | AOKI_Thanouille · wall_segment Palisade Wall x1 |
| 14:30 | AOKI_Thanouille · wall_segment Palisade Wall x1 |
| 14:31 | AOKI_Thanouille · wall_segment Palisade Wall x1 |
| 14:58 | AOKI_Thanouille · first_market_buy 100 food |
| 15:32 | hi · wall_segment Palisade Wall x1 |
| 15:33 | hi · wall_segment Palisade Wall x1 |
| 15:33 | hi · wall_segment Palisade Wall x1 |
| 15:34 | hi · wall_segment Palisade Wall x1 |
| 16:42 | AOKI_Thanouille · first_market_sell 100 wood |
| 20:11 | hi · first_building Archery Range |
| 23:16 | AOKI_Thanouille · age_up castle |
| 24:02 | AOKI_Thanouille · first_building Castle |
| 24:54 | hi · age_up castle |
| 25:12 | hi · first_market_sell 100 food |
| 25:13 | hi · first_market_buy 100 stone |
| 25:26 | hi · first_building Castle |
| 27:10 | AOKI_Thanouille · first_building Monastery |
| 31:00 | hi · first_building Siege Workshop |
| 33:28 | AOKI_Thanouille · first_building Siege Workshop |
| 36:32 | AOKI_Thanouille · first_building Barracks |
| 45:25 | hi · resign |
[ AI ANALYSIS · 1 CREDIT ]
What really happened in this match?
Wolo.gg analyzes every decision: build order, eco, micro, common mistakes by bracket. Personalized analysis on WhatsApp or Discord in 30 seconds.
Civ guide
Sicilians
Map guide
African Clearing
Perfil
Jugador #17731854